[Event "Live Chess"]
[Site "Chess.com"]
[Date "2023.05.21"]
[Round "-"]
[White "RichardABates"]
[Black "Ian-Morley"]
[Result "1-0"]
[WhiteElo "2151"]
[BlackElo "1089"]
[TimeControl "300"]
[EndTime "7:50:04 PDT"]
[Termination "RichardABates won by resignation"]

1. d4 e5 2. dxe5 Nc6 3. Nf3 Qe7 4. Nc3 d6 5. exd6 Qxd6 6. Qxd6 Bxd6 7. Nb5 Kd8 8. Nxd6 cxd6 9. Bf4 Kd7 10. O-O-O Ne5 11.
Nxe5+ Ke7 12. Nf3 d5 13. Rxd5 Bg4 14. Bd6+ Ke6 15. e4 Bxf3 16. gxf3 Rd8 17. Bh3+ Kf6 18.
e5+ Kg6 19. Rg1+ Kh6 20. e6 fxe6 21. Bf4+ g5 22. Bxg5+ Kg6 23. Bxd8+ 1-0

[Event "Live Chess"]
[Site "Chess.com"]
[Date "2023.05.21"]
[Round "-"]
[White "GMHarry-youtube"]
[Black "davidlightfoot"]
[Result "1-0"]
[WhiteElo "2034"]
[BlackElo "680"]
[TimeControl "300"]
[EndTime "7:50:07 PDT"]
[Termination "GMHarry-youtube won by resignation"]

1. e4 c5 2. Nf3 e6 3. g3 Nc6 4. Bg2 d5 5. d3 dxe4 6. dxe4 Qxd1+ 7. Kxd1 Bd6 8. Ke2 Nf6 9. Nc3 O-O 10. Rd1 Rd8 11. e5 Nd4+ 12. Nxd4 cxd4 13. Rxd4 Be7 14. Rxd8+ Bxd8 15. exf6 Bxf6 16. Bf4 b6 17. Bxa8 1-0

[Event "Live Chess"]
[Site "Chess.com"]
[Date "2023.05.21"]
[Round "-"]
[White "McSlash1"]
[Black "ShanthamGrarks"]
[Result "1-0"]
[WhiteElo "2007"]
[BlackElo "1963"]
[TimeControl "300"]
[EndTime "7:50:11 PDT"]
[Termination "McSlash1 won by resignation"]

1. e4 e6 2. d4 d5 3. Nd2 Nf6 4. e5 Nfd7 5. Bd3 c5 6. c3 Nc6 7.
Ngf3 h6 8. O-O Be7 9. Bc2 O-O 10.
Nb3 f5 11. exf6 Nxf6 12. Nxc5 Bxc5 13. dxc5 e5 14. Re1 e4 15. Nd4 Ne5 16. Bf4 Neg4 17. h3 Nxf2 18. Kxf2 g6 19. Kg1 Nh5 20. Bd6 Rf6 21. Rf1 Rxf1+ 22. Qxf1 Bd7 23. Bb3 Qg5 24. Qf2 e3 25. Qf3 Bc6 26. Nxc6 bxc6 27. Rf1 Ng7 28.
Qf7+ Kh7 29. Bf8 Rxf8 30. Qxf8 e2 31. Re1 Qd2 32. Qf2 Nf5 33. Qxe2 Qg5 34. Bc2 Ng7 35.
Rf1 h5 36. Rf7 Qc1+ 37. Kh2 Qg5 38. Qe7 Qh6 39. h4 Kg8 40. Qf8+ Kh7 41. Rf6 Nf5 42.
Qxh6+ Nxh6 43. Rxg6 Ng4+ 44. Rxg4+ 1-0

[Event "Live Chess"]
[Site "Chess.com"]
[Date "2023.05.21"]
[Round "-"]
[White "NatashaRegan"]
[Black "zdanevych"]
[Result "1-0"]
[WhiteElo "1713"]
[BlackElo "1466"]
[TimeControl "300"]
[EndTime "7:50:24 PDT"]
[Termination "NatashaRegan won on time"]

1. e4 c5 2. Nc3 e6 3. f4 d5 4. e5 Nc6 5. Nf3 Nge7 6. Bb5 a6 7. Bxc6+ bxc6 8. d3 Nf5 9. O-O g6 10. g4 Nd4 11.
Be3 Nb5 12. d4 cxd4 13. Nxb5 dxe3 14. Nd6+ Bxd6 15. exd6 Qxd6 16. Qd4 O-O 17. Qxe3 Bd7 18. Ne5 Rfb8 19. b3 Be8 20. g5 c5 21. Qh3 Bb5 22. Rf3 c4 23. Qh6 Qf8 24. Qh4 cxb3 25. cxb3 Rc8 26. Re1 Rc2 27. Rh3 Qg7 28. Ng4 Qd4+ 29.
Kh1 Rac8 30. Qh6 Qg7 31. Nf6+ Kf8 32. Nxh7+ Kg8 33. Nf6+ Kf8 34. Qh4 Rc1 35. Re3 Rxe1+ 36. Rxe1 Ke7 37. Nxd5+ Kd6 38. Nf6 Qf8 39. Qf2 Ke7 40.
Qd4 Qd8 41. Qb4+ Qd6 42. Nd5+ Kd7 43. Nf6+ Ke7 44. Qe4 Bc6 45. Kg2 Bxe4+ 46. Nxe4 Rc2+ 47. Kf3 Qc6 48. Re3 Qxe4+ 49. Kxe4 Rxa2 50. Rc3 Rxh2 51. Ke5 Re2+ 52. Kd4 Rd2+ 53. Kc5 Rd5+ 54. Kb6 Rd6+ 55. Ka5 f6 56. Rc7+ Rd7 57. gxf6+ Kxf6 58. Rxd7 Kf5 59. Rf7+ Ke4 60. Rf8 1-0

[Event "Live Chess"]
[Site "Chess.com"]
[Date "2023.05.21"]
[Round "-"]
[White "Ferrarifan27"]
[Black "Inglaterra"]
[Result "1-0"]
[WhiteElo "2047"]
[BlackElo "2046"]
[TimeControl "300"]
[EndTime "7:50:28 PDT"]
[Termination "Ferrarifan27 won by resignation"]

1. e4 d6 2. d4 Nf6 3. Nc3 g6 4. Nf3 Bg7 5. Bg5 O-O 6. Qd2 c6 7. Bd3 b5 8. O-O Nbd7 9. a3 a6 10. Bh6 c5 11. Bxg7 Kxg7 12. e5 Ng8 13. exd6 exd6 14.
Be4 Rb8 15. dxc5 dxc5 16. Rad1 Qc7 17. Nd5 Qa7 18. Qc3+ Ndf6 19. Nxf6 Nxf6 20. Rfe1 Bg4 21. h3 Bxf3 22. Bxf3 Rfe8 23. Rxe8 Rxe8 24. Rd6 Re6 25. Rxe6 fxe6 26. Qe5 Qb6 27. h4 c4 28. g4 Kf7 29.
g5 Ne8 30. Qh8 Ng7 31. Qxh7 Qd4 32. c3 Qf4 33. Kg2 e5 34. Bd5+ Ke8 35. Qg8+ Qf8 36. Bf7+ Ke7 37. Qxf8+ Kxf8 38. Bxg6 Ne6 39. Kf3 Kg7 40.
Bf5 Nc5 41. Bc2 a5 42. h5 1-0

[Event "Live Chess"]
[Site "Chess.com"]
[Date "2023.05.21"]
[Round "-"]
[White "NomisY"]
[Black "FlyingChessKestrel13"]
[Result "1-0"]
[WhiteElo "1543"]
[BlackElo "2048"]
[TimeControl "300"]
[EndTime "7:50:32 PDT"]
[Termination "NomisY won by resignation"]

1. d4 d5 2. c4 dxc4 3. Nf3 Nf6 4. e3 e6 5. Bxc4 a6 6. a4 c5 7. O-O Nc6 8. dxc5 Qc7 9. b3 Bxc5 10. Bb2 e5 11. Nbd2 O-O 12. Qc2 Bg4 13. Rac1 Rfe8 14. Ne4 Nxe4 15. Qxe4 Bh5 16. Nh4 Bd6 17. g4 Bg6 18. Nxg6 hxg6 19. Qxg6 Qe7 20. Qh5 Qf6 21. g5 Qf5 22. e4 Qxe4 23. Qxf7+ Kh8 24. Rc3 Qh7 25. Kg2 Rf8 26. Qd5 Rf4 27. Qxd6 Rg4+ 28. Rg3 Rxg3+ 29. fxg3 Qc2+ 30. Rf2 Qe4+ 31. Kh3 Qh7+ 32.
Kg4 Qe4+ 33. Rf4 exf4 34. Bxg7+ 1-0

[Event "Live Chess"]
[Site "Chess.com"]
[Date "2023.05.21"]
[Round "-"]
[White "TheSmoulderingMaster"]
[Black "Conradical12"]
[Result "0-1"]
[WhiteElo "1660"]
[BlackElo "1543"]
[TimeControl "300"]
[EndTime "7:50:47 PDT"]
[Termination "Conradical12 won by resignation"]

1. e4 e5 2. Nf3 Nc6 3. Bb5 Nf6 4. O-O Bc5 5. c3 Ng4 6. d4 exd4 7. cxd4 Bb6 8. Bg5 f6 9. Bh4 h5 10. h3 g5 11. Bg3 Qe7 12. hxg4 hxg4 13. Nfd2 Qh7 14.
f4 Bxd4+ 0-1

[Event "Live Chess"]
[Site "Chess.com"]
[Date "2023.05.21"]
[Round "-"]
[White "Biranidun"]
[Black "AlanPaling"]
[Result "1-0"]
[WhiteElo "2519"]
[BlackElo "1399"]
[TimeControl "300"]
[EndTime "7:50:51 PDT"]
[Termination "Biranidun won by resignation"]

1. e4 Nf6 2. e5 Nd5 3. d4 d6 4. Nf3 Bg4 5. Be2 e6 6. O-O Be7 7. c4 Nb6 8. h3 Bh5 9. exd6 cxd6 10.
Nc3 O-O 11. Be3 d5 12. c5 Nc8 13. b4 Bf6 14. a4 a6 15. b5 axb5 16. axb5 Rxa1 17.
Qxa1 Nd7 18. g4 Bg6 19. b6 Ne7 20. g5 Nf5 21. gxf6 Nxe3 22. fxg7 Kxg7 23. fxe3 Nb8 24. Qe1 Nc6 25. Qg3 Qb8 26. Qxb8 Rxb8 27. Ra1 Bh5 28. Nb5 Bxf3 29. Bxf3 f5 30. Nd6 Kf6 31. Kf2 e5 32.
Bxd5 exd4 33. Bxc6 1-0

[Event "Live Chess"]
[Site "Chess.com"]
[Date "2023.05.21"]
[Round "-"]
[White "viktorskliarov"]
[Black "EdenHazard8"]
[Result "1-0"]
[WhiteElo "2646"]
[BlackElo "1924"]
[TimeControl "300"]
[EndTime "7:50:53 PDT"]
[Termination "viktorskliarov won by resignation"]

1. e4 c5 2. Nf3 Nc6 3. Bb5 g6 4.
O-O Nd4 5. Nxd4 cxd4 6. c3 dxc3 7.
bxc3 Bg7 8. d4 a6 9. Bc4 e6 10. e5 b5 11. Be2 Bb7 12. Bf3 Bxf3 13. Qxf3 Ne7 14. Nd2 Rc8 15. Ne4 Nd5 16. Nd6+ 1-0

[Event "Live Chess"]
[Site "Chess.com"]
[Date "2023.05.21"]
[Round "-"]
[White "PantherCal"]
[Black "mach247"]
[Result "1-0"]
[WhiteElo "1860"]
[BlackElo "1330"]
[TimeControl "300"]
[EndTime "7:51:00 PDT"]
[Termination "PantherCal won by resignation"]

1. e4 d5 2. exd5 Qxd5 3. d4 Nf6 4. Nf3 Bg4 5. Be2 c6 6. c4 Qd8 7. Be3 e6 8. Nc3 Nbd7 9. h3 Bxf3 10. Bxf3 Bd6 11. Qd2 O-O 12. O-O Qc7 13. Rfd1 Nb6 14. c5 Nc4 15. Qe2 Nxe3 16. cxd6 Qxd6 17. fxe3 a5 18. Ne4 Nxe4 19. Bxe4 a4 20. Rf1 f5 21. Bd3 Rf6 22. Qf3 Qb4 23. Rf2 Raf8 24. Raf1 g5 25. Qe2 a3 26. bxa3 Qxa3 27. Qc2 Qe7 28. e4 f4 29. e5 R6f7 30. Qc5 Qd7 31. Be2 Rg7 32.
Bg4 Rb8 33. Qc4 Re7 34. g3 b5 35. Qb3 fxg3 36. Rf6 Qxd4+ 37. Kg2 Qxe5 38. Rxe6 Rxe6 39. Qxe6+ Qxe6 40. Bxe6+ Kg7 41. Kxg3 1-0

[Event "Live Chess"]
[Site "Chess.com"]
[Date "2023.05.21"]
[Round "-"]
[White "lateforthesky"]
[Black "f4nomore"]
[Result "1-0"]
[WhiteElo "2091"]
[BlackElo "1406"]
[TimeControl "300"]
[EndTime "7:51:07 PDT"]
[Termination "lateforthesky won on time"]

1. e4 g6 2. d4 Bg7 3. c3 d6 4. Bd3 Nf6 5. Nd2 O-O 6. f4 Nbd7 7. Ngf3 c5 8. O-O cxd4 9. cxd4 Nb6 10. Kh1 Bg4 11.
h3 Bxf3 12. Nxf3 Nfd7 13. Be3 e5 14. Qe2 exd4 15. Bxd4 Nf6 16. Rad1 Nh5 17. Qe3 Ng3+ 18. Kh2 Nxf1+ 19. Rxf1 Re8 20. Bxg7 Kxg7 21. Nd4 d5 22. e5 Nc4 23. Qe2 Qb6 24. Nb3 f6 25. Bxc4 dxc4 26. Qxc4 fxe5 27. fxe5 Rac8 28. Rf7+ Kh8 29.
Qf4 Qe6 30. Rxb7 Qxe5 31. Qxe5+ Rxe5 32. Rxa7 Re2 33. Nd4 Rxb2 34. Ne6 h5 35. Nf4 Rc6 36. a4 Rb4 37. Nd5 Rb2 38. a5 Rcc2 39. Nf6 Rxg2+ 40.
Kh1 Rh2+ 41. Kg1 Rbg2+ 42. Kf1 Rf2+ 43. Kg1 Rxf6 44. Kxh2 Rf2+ 45. Kg3 Ra2 46. Kf4 Ra3 47. h4 Ra4+ 48. Kg5 Rg4+ 49. Kh6 1-0

[Event "Live Chess"]
[Site "Chess.com"]
[Date "2023.05.21"]
[Round "-"]
[White "LaupMiths"]
[Black "wadsy27"]
[Result "0-1"]
[WhiteElo "1807"]
[BlackElo "2539"]
[TimeControl "300"]
[EndTime "7:51:10 PDT"]
[Termination "wadsy27 won by resignation"]

1. d4 Nf6 2. Nf3 c5 3. c3 d5 4.
g3 Nc6 5. Bg2 cxd4 6. cxd4 Bf5 7.
O-O e6 8. Nc3 h6 9. Qb3 a6 10.
Qxb7 Na5 11. Qxa8 Qxa8 12. Bf4 Be7 13. a3 O-O 14. Rac1 Nc4 15. Ne5 Nxe5 16. Bxe5 Ne4 17. Na4 Bd6 18. f3 Bxe5 19. fxe4 Bxd4+ 0-1

[Event "Live Chess"]
[Site "Chess.com"]
[Date "2023.05.21"]
[Round "-"]
[White "nigelst"]
[Black "KeithArkell"]
[Result "0-1"]
[WhiteElo "1702"]
[BlackElo "2462"]
[TimeControl "300"]
[EndTime "7:51:16 PDT"]
[Termination "KeithArkell won on time"]

1. e4 e6 2. d4 d5 3. exd5 Qxd5 4. Nf3 Nf6 5. c4 Qd8 6. Nc3 Be7 7. Bd3 O-O 8. O-O a6 9. Bf4 b5 10. cxb5 axb5 11. Bxb5 Ba6 12. Bxa6 Nxa6 13. Ne5 Nb4 14. a3 Nbd5 15. Bg3 Nxc3 16. bxc3 Rxa3 17. Nc6 Qd7 18. Nxe7+ Qxe7 19. Rxa3 Qxa3 20. Qa1 Qxa1 21. Rxa1 Ne4 22. Ra7 Nxc3 23. Rxc7 Nd5 24. Ra7 g5 25. h4 h6 26.
hxg5 hxg5 27. Bd6 Rd8 28. Bc5 Kg7 29. Kf1 Rb8 30. g3 g4 31. Ra1 Rb2 32. Re1 Kg6 33.
Re2 Rb1+ 34. Re1 Rxe1+ 35. Kxe1 Kf5 36. Ke2 Ke4 37. Ba7 Nc3+ 38. Kd2 Nb5 39. Bc5 Nxd4 40. Kc3 e5 41. Bd6 Kd5 42. Bb8 f5 43. Kd3 Nb3 44.
Kc3 Nc5 45. Kd2 Ke4 46. Ke2 Nb3 47. Ba7 Nd4+ 0-1

[Event "Live Chess"]
[Site "Chess.com"]
[Date "2023.05.21"]
[Round "-"]
[White "MarkCheck"]
[Black "Daniel_Gliddon_FA"]
[Result "1-0"]
[WhiteElo "1583"]
[BlackElo "1231"]
[TimeControl "300"]
[EndTime "7:51:21 PDT"]
[Termination "MarkCheck won by checkmate"]

1. c4 e5 2. g3 d5 3. cxd5 Nf6 4.
Bg2 Bf5 5. Nc3 Nbd7 6. d3 Bc5 7.
e3 Ng4 8. h3 Ngf6 9. a3 O-O 10.
Nge2 Re8 11. e4 Bg6 12. O-O Nb6 13. b4 Bd4 14. Nxd4 exd4 15. Ne2 Qd6 16. Bf4 Qe7 17. Rc1 Nbxd5 18. exd5 Qxe2 19. Qxe2 Rxe2 20. Rfe1 Rxe1+ 21. Rxe1 Nxd5 22. Bxd5 c6 23. Be4 Bxe4 24. Rxe4 Rd8 25. Bc7 Rf8 26. Rxd4 f5 27. Rd8 Rxd8 28. Bxd8 Kf7 29.
f4 Ke6 30. Kf2 Kd5 31. a4 Kd4 32. Ke2 Kc3 33. Be7 Kb3 34. a5 b6 35. axb6 axb6 36.
Ke3 b5 37. Kd4 g6 38. g4 Ka4 39. gxf5 gxf5 40. Ke5 Kb3 41. Kxf5 Kc3 42. Ke4 Kd2 43. f5 Ke2 44. f6 Kf2 45. f7 Ke2 46. f8=Q Kd2 47.
Qf6 Kc2 48. Ke3 Kb3 49. Kd2 Ka3 50. Qc3+ Ka4 51. Qc2+ Ka3 52. Qc1+ Kb3 53. Qc2+ Ka3 54. Kc3 c5 55. Qb3# 1-0

[Event "Live Chess"]
[Site "Chess.com"]
[Date "2023.05.21"]
[Round "-"]
[White "LL220284LL"]
[Black "stevochess11"]
[Result "1-0"]
[WhiteElo "2226"]
[BlackElo "1666"]
[TimeControl "300"]
[EndTime "7:51:26 PDT"]
[Termination "LL220284LL won by resignation"]

1. c4 c5 2. g3 Nf6 3. Bg2 e6 4. Nf3 Be7 5. O-O O-O 6. b3 d5 7. cxd5 exd5 8. Bb2 Nc6 9. d4 cxd4 10. Nxd4 Nxd4 11. Qxd4 Be6 12. Nc3 Rc8 13. Rfd1 Bc5 14. Qd2 Ng4 15. e3 Qb6 16. Na4 Bxe3 17. Nxb6 1-0

[Event "Live Chess"]
[Site "Chess.com"]
[Date "2023.05.21"]
[Round "-"]
[White "Hacker_2009"]
[Black "friarnator"]
[Result "1-0"]
[WhiteElo "1963"]
[BlackElo "2028"]
[TimeControl "300"]
[EndTime "7:51:29 PDT"]
[Termination "Hacker_2009 won on time"]

1. d4 Nf6 2. Nf3 e6 3. c4 d5 4. e3 Be7 5. Nc3 O-O 6. Bd3 dxc4 7. Bxc4 a6 8. O-O b5 9. Bd3 Bb7 10. b3 Nbd7 11. Bb2 c5 12. Rc1 Rc8 13. Bb1 Nb6 14.
Qe2 Nbd5 15. Nxd5 Nxd5 16. Rfd1 cxd4 17. Nxd4 Rxc1 18. Rxc1 Bf6 19. Qc2 g6 20. Ne2 Nb4 21. Bxf6 Qxf6 22. Qc5 Qb2 23. Qxb4 Qxe2 24. Qe1 Qg4 25. e4 Rd8 26. f3 Qf4 27. Rd1 Rxd1 28. Qxd1 Qe3+ 29. Kf1 b4 30. Bd3 a5 31. Be2 Kg7 32.
Qc2 Qd4 33. Qc7 Qa7 34. Bb5 Qa8 35. Qe5+ Kg8 36. Bc4 Ba6 37. Qc5 Bxc4+ 38. Qxc4 Qd8 39. Qc2 Qd4 40. Qe2 Kg7 41. g3 Kf6 42. Kg2 h5 43. f4 g5 44. e5+ Kf5 45. Qxh5 Qd2+ 46. Kf1 Qc1+ 47. Kf2 Qc2+ 48. Ke3 Qc1+ 49. Kd3 Qc3+ 50.
Ke2 Qc2+ 51. Kf1 Qc1+ 52. Kg2 Qd2+ 53. Kh3 Ke4 54. fxg5 Qd3 55. Qh7+ Kd4 56. Qxd3+ Kxd3 57. Kg4 Ke4 58. h4 Kxe5 59. h5 1-0

[Event "Live Chess"]
[Site "Chess.com"]
[Date "2023.05.21"]
[Round "-"]
[White "DRS44"]
[Black "tpm07"]
[Result "0-1"]
[WhiteElo "1277"]
[BlackElo "1962"]
[TimeControl "300"]
[EndTime "7:51:41 PDT"]
[Termination "tpm07 won by resignation"]

1. e4 e5 2. d4 exd4 3. c3 Qe7 4. cxd4 Qxe4+ 5. Be2 d5 6. Nc3 Bb4 7. Bd2 Bxc3 8.
Bxc3 Nf6 9. Nf3 O-O 10. O-O Bf5 11. Nd2 Qc2 12. Rc1 Qxd1 13. Rfxd1 c6 14. Bb4 Re8 15. Re1 Nbd7 16. Bf3 Rxe1+ 17. Rxe1 Re8 18. Rxe8+ Nxe8 19. Kf1 Nef6 20. Be7 Ne4 21. Nxe4 Bxe4 22. Ke2 Bxf3+ 23. Kxf3 f6 24. Kf4 Kf7 25. Ba3 Nb6 26. g4 Nc4 27. h4 Nxa3 28. bxa3 Ke6 29. g5 b6 30. Kg4 c5 31. f4 fxg5 32. fxg5 c4 33. Kf3 Kf5 34. Ke3 Kg4 0-1

[Event "Live Chess"]
[Site "Chess.com"]
[Date "2023.05.21"]
[Round "-"]
[White "Duke_of_Bebington"]
[Black "McSlash1"]
[Result "0-1"]
[WhiteElo "1555"]
[BlackElo "2008"]
[TimeControl "300"]
[EndTime "7:51:58 PDT"]
[Termination "McSlash1 won by resignation"]

1. e4 c5 2. Nf3 d6 3. d4 cxd4 4. Nxd4 Nf6 5. Nc3 g6 6. Be3 Bg7 7. Be2 O-O 8. Qd2 Nc6 9. h4 h5 10. f3 Bd7 11. g4 hxg4 12. fxg4 Ne5 13. h5 Nfxg4 14. hxg6 Nxe3 15. Qxe3 fxg6 16. O-O-O Bg4 17. Rdg1 Bxe2 18. Ncxe2 Qc7 19. Nf4 Rxf4 20. Qxf4 Nd3+ 21. Kb1 Nxf4 0-1

[Event "Live Chess"]
[Site "Chess.com"]
[Date "2023.05.21"]
[Round "-"]
[White "SimpleHarmonic1"]
[Black "Cimon"]
[Result "1-0"]
[WhiteElo "2048"]
[BlackElo "1839"]
[TimeControl "300"]
[EndTime "7:52:13 PDT"]
[Termination "SimpleHarmonic1 won by checkmate"]

1. d4 Nf6 2. Nf3 g6 3. c4 Bg7 4. Nc3 d6 5. e4 O-O 6. Be2 e5 7.
Be3 Nc6 8. h3 Re8 9. d5 Ne7 10.
O-O Nd7 11. b4 a5 12. bxa5 h6 13. Nd2 f5 14. f3 f4 15. Bf2 g5 16. Nb3 h5 17. c5 Nf6 18. Rc1 g4 19. cxd6 cxd6 20.
Bb6 Qd7 21. Bb5 Nc6 22. dxc6 bxc6 23. Bc4+ Kh7 24. hxg4 hxg4 25. Kf2 Kg6 26. Rh1 Nh5 27. Rxh5 Kxh5 28. Qh1+ Kg6 29. Rd1 Rh8 30. Qf1 gxf3 31. Nc5 Qg4 32. Rxd6+ Kg5 33. gxf3 Rh2+ 34. Ke1 Qh4+ 35.
Kd1 Rh1 36. Bd8+ Kh5 37. Bf7# 1-0

[Event "Live Chess"]
[Site "Chess.com"]
[Date "2023.05.21"]
[Round "-"]
[White "Bob2pen"]
[Black "Mikhail_Golubev"]
[Result "1/2-1/2"]
[WhiteElo "1880"]
[BlackElo "2444"]
[TimeControl "300"]
[EndTime "7:52:25 PDT"]
[Termination "Game drawn by repetition"]

1. c4 g6 2. g3 Bg7 3. Bg2 e5 4. Nc3 Nc6 5. d3 d6 6. Nf3 f5 7. O-O h6 8. Rb1 a5 9. a3 Nf6 10. b4 axb4 11. axb4 O-O 12. b5 Ne7 13. Bb2 g5 14. e4 f4 15. Nd5 Nfxd5 16. cxd5 g4 17. Nd2 f3 18. Bh1 Ng6 19. Nc4 b6 20. d4 Re8 21. dxe5 Nxe5 22. Nxe5 Bxe5 23. Qd2 Qf6 24. Rfc1 Ra7 25. Bxe5 Rxe5 26. Rc4 Re7 27. Rbc1 Bd7 28.
h4 Bxb5 29. R4c3 Be2 30. Qc2 Qg7 31. Kh2 b5 32. Rc6 Bc4 33. Qd2 Ra2 34. Qe3 Bxd5 35. Rxc7 Rxc7 36. Rxc7 Qxc7 37. exd5 Re2 38. Qxh6 Rxf2+ 39. Kg1 Qc5 40. Qe6+ Kf8 41. Qf6+ Ke8 42. Qe6+ Kd8 43.
Qf6+ Kc8 44. Qe6+ Kb7 45. Qd7+ Kb6 46. Qd8+ Ka6 47. Qa8+ Kb6 48. Qd8+ Ka6 49. Qa8+ Kb6 50. Qd8+ 1/2-1/2

[Event "Live Chess"]
[Site "Chess.com"]
[Date "2023.05.21"]
[Round "-"]
[White "BJAW87"]
[Black "ms_lilley"]
[Result "1-0"]
[WhiteElo "1460"]
[BlackElo "603"]
[TimeControl "300"]
[EndTime "7:52:35 PDT"]
[Termination "BJAW87 won by checkmate"]

1. e4 e6 2. d4 d5 3. Nc3 a6 4. Nf3 h6 5. Bd3 b5 6. exd5 exd5 7. Ne5 Be6 8. O-O Nd7 9. f4 Nxe5 10. fxe5 Bb4 11. Qf3 f6 12. Bg6+ Kd7 13. Nxd5 Ne7 14.
Nf4 c6 15. Nxe6 Kxe6 16. Bf5+ Kf7 17. c3 Nxf5 18. Qxf5 Be7 19. e6+ Kf8 20. b3 a5 21.
c4 Qxd4+ 22. Kh1 Qxa1 23. cxb5 Qxa2 24. Qg6 Qxb3 25. Qf7# 1-0

[Event "Live Chess"]
[Site "Chess.com"]
[Date "2023.05.21"]
[Round "-"]
[White "manthanit"]
[Black "BillythekidFellowes"]
[Result "0-1"]
[WhiteElo "1100"]
[BlackElo "2114"]
[TimeControl "300"]
[EndTime "7:52:40 PDT"]
[Termination "BillythekidFellowes won by resignation"]

1. e4 e6 2. Nf3 d5 3. exd5 exd5 4. h3 Nf6 5. d4 Bd6 6. Nc3 O-O 7. Be2 c6 8. Bg5 Nbd7 9. O-O Bb8 10. Bd3 Qc7 11. Ne2 Ne4 12. Bf4 Qb6 13. Bxb8 Rxb8 14. Ng3 Nxg3 15. fxg3 Nf6 16. b3 Qc7 17. Qd2 Qxg3 18.
Qg5 Qxg5 19. Nxg5 h6 20. Nf3 Bd7 21. Rae1 Rbe8 22. c4 dxc4 23. Bxc4 Nd5 24. Ne5 Bc8 25. Kh2 g6 26. g3 Kg7 27. Rf3 f5 28. Ref1 Nf6 29.
Bf7 Rxf7 30. Nxf7 Kxf7 31. g4 Re2+ 32. Kg3 Ne4+ 33. Kh4 Nd2 34. Rxf5+ gxf5 35. Rxf5+ Bxf5 36. gxf5 Kf6 0-1

[Event "Live Chess"]
[Site "Chess.com"]
[Date "2023.05.21"]
[Round "-"]
[White "TheSmoulderingMaster"]
[Black "Biranidun"]
[Result "0-1"]
[WhiteElo "1660"]
[BlackElo "2519"]
[TimeControl "300"]
[EndTime "7:52:43 PDT"]
[Termination "Biranidun won by resignation"]

1. e4 c5 2. Nf3 d6 3. d4 cxd4 4. Nxd4 Nf6 5. Nc3 g6 6. Be3 Bg7 7. f3 Nc6 8. Qd2 O-O 9. Bc4 Bd7 10. O-O-O Rb8 11. g4 b5 12. Bb3 Na5 13. h4 Nc4 14. Bxc4 bxc4 15. h5 Qb6 16. b3 Qa5 17. Kb1 Rfc8 18.
hxg6 cxb3 19. gxf7+ Kxf7 20. cxb3 Qxc3 21. Qxc3 Rxc3 22.
g5 Rxe3 23. gxf6 Bxf6 24. Rxh7+ Kg6 25. Rdh1 Re1+ 26. Rxe1 Kxh7 27. Rg1 Bxd4 0-1

[Event "Live Chess"]
[Site "Chess.com"]
[Date "2023.05.21"]
[Round "-"]
[White "garyjc"]
[Black "Doge_Dandolo"]
[Result "1-0"]
[WhiteElo "1081"]
[BlackElo "1856"]
[TimeControl "300"]
[EndTime "7:52:46 PDT"]
[Termination "garyjc won by checkmate"]

1. e4 c6 2. d4 d5 3. Nc3 dxe4 4. Nxe4 Bf5 5. Ng3 Bg6 6. h4 h6 7. Nf3 Nd7 8. Bd3 Bxd3 9. Qxd3 e6 10. Be3 Ngf6 11.
O-O-O Be7 12. Ne4 Nxe4 13. Qxe4 Nf6 14. Qd3 Qa5 15. Kb1 O-O 16. Rdg1 Rfd8 17. g4 c5 18. g5 cxd4 19. Nxd4 Nd5 20. gxh6 Nxe3 21. Rxg7+ Kf8 22. Qh7 Nd5 23. Qh8# 1-0

[Event "Live Chess"]
[Site "Chess.com"]
[Date "2023.05.21"]
[Round "-"]
[White "Olisingapore"]
[Black "lHolyDiverl"]
[Result "1-0"]
[WhiteElo "1785"]
[BlackElo "555"]
[TimeControl "300"]
[EndTime "7:52:58 PDT"]
[Termination "Olisingapore won on time"]

1. d4 d5 2. c4 Nf6 3. Nf3 Bg4 4. cxd5 Nxd5 5. e4 Bxf3 6. Qxf3 Nb6 7. Nc3 Qxd4 8. Be3 Qb4 9. Be2 Qxb2 10. Bxb6 Qxa1+ 11. Nd1 axb6 12. Qf5 e6 13. Qb5+ Nc6 14. O-O Qe5 15. Qxe5 Nxe5 16. Nc3 c6 17. a4 Be7 18. Rb1 O-O 19. Rxb6 Rfd8 20. Rxb7 Bf6 21. Rb1 Rab8 22. Ra1 Nc4 23. Rc1 Rb2 24. Bxc4 Bxc3 25. Rxc3 Rb1+ 26. Bf1 h6 27. a5 Rdd1 28. g3 Rxf1+ 29. Kg2 Rg1+ 30. Kh3 Ra1 31. Rxc6 Rxa5 32. Rc8+ Kh7 33. g4 h5 34. f3 hxg4+ 35. fxg4 f5 36. exf5 1-0

[Event "Live Chess"]
[Site "Chess.com"]
[Date "2023.05.21"]
[Round "-"]
[White "stevochess11"]
[Black "Daniel_Gliddon_FA"]
[Result "1-0"]
[WhiteElo "1667"]
[BlackElo "1227"]
[TimeControl "300"]
[EndTime "7:53:22 PDT"]
[Termination "stevochess11 won by resignation"]

1. d4 Nf6 2. Nf3 g6 3. Nc3 Bg7 4.
e4 O-O 5. Be3 d6 6. Qd2 Re8 7.
O-O-O e5 8. dxe5 Nfd7 9. exd6 Bxc3 10. Qxc3 cxd6 11. Bh6 Nf6 12. e5 Rxe5 13. Qxe5 1-0

[Event "Live Chess"]
[Site "Chess.com"]
[Date "2023.05.21"]
[Round "-"]
[White "Missedidea"]
[Black "terrub10"]
[Result "1-0"]
[WhiteElo "1770"]
[BlackElo "570"]
[TimeControl "300"]
[EndTime "7:53:29 PDT"]
[Termination "Missedidea won by checkmate"]

1. d4 d5 2. c4 dxc4 3. e3 Nf6 4. Bxc4 Bg4 5. f3 Bh5 6. Ne2 Nc6 7. O-O e5 8. Nbc3 exd4 9. exd4 Bb4 10. Bg5 Bxc3 11. bxc3 Nb4 12. cxb4 O-O 13. Nf4 h6 14. Bxf6 gxf6 15.
Nxh5 Qd7 16. Qd3 Rfd8 17. Nxf6+ Kg7 18. Nxd7 Rxd7 19. Qf5 Rad8 20. Rad1 Rxd4 21. Rxd4 Rxd4 22. Qe5+ f6 23. Qxd4 b6 24. Qd7+ Kg6 25. g4 c5 26.
h4 h5 27. Qf7+ Kh6 28. Bd3 hxg4 29. Qg6# 1-0

[Event "Live Chess"]
[Site "Chess.com"]
[Date "2023.05.21"]
[Round "-"]
[White "OleksiyJr1"]
[Black "Ferrarifan27"]
[Result "0-1"]
[WhiteElo "1034"]
[BlackElo "2047"]
[TimeControl "300"]
[EndTime "7:53:38 PDT"]
[Termination "Ferrarifan27 won by resignation"]

1. e4 e5 2. Nf3 Nc6 3. Nc3 Bc5 4. Bc4 Nf6 5. d3 h6 6. O-O O-O 7. Re1 d6 8. Be3 Bxe3 9. Rxe3 Bg4 10. h3 Bh5 11.
Re2 Nd4 12. Re3 Bxf3 13. gxf3 Nh5 14. Kf1 Nf4 15. Nd5 Qh4 16. Nxf4 exf4 17. Re1 Qxh3+ 18. Kg1 Nxf3+ 0-1

[Event "Live Chess"]
[Site "Chess.com"]
[Date "2023.05.21"]
[Round "-"]
[White "hturner40"]
[Black "jimwad"]
[Result "1-0"]
[WhiteElo "1795"]
[BlackElo "1226"]
[TimeControl "300"]
[EndTime "7:53:40 PDT"]
[Termination "hturner40 won by resignation"]

1. Nf3 d5 2. g3 Nc6 3. d4 Nf6 4.
Bg2 Bg4 5. Ne5 Nxe5 6. dxe5 Nd7 7. Qxd5 c6 8. Qd4 Bf5 9. e4 Bg6 10. h4 e6 11. h5 Qa5+ 12. Bd2 Qxe5 13. Qxe5 Nxe5 14.
hxg6 Nxg6 15. Nc3 O-O-O 16. O-O-O Kb8 17. f4 Bc5 18. e5 Bf2 19. Be1 Rxd1+ 20. Kxd1 Rd8+ 21.
Ke2 Bxe1 22. Rxe1 h6 23. Rd1 Rxd1 24. Kxd1 Ne7 25. Ke2 Nd5 26. Nxd5 cxd5 27. Ke3 b6 28. Kd4 Kc7 29. g4 Kc6 30. f5 a5 31. c4 exf5 32.
cxd5+ Kd7 33. gxf5 g6 34. e6+ fxe6 35. dxe6+ Ke7 36.
Ke5 gxf5 37. Kxf5 h5 38. Bd5 h4 39. Kg4 h3 40. Kxh3 Kd6 41. Kg4 Kxd5 42. e7 Kc4 43. e8=Q b5 44. Qe3 b4 45. Qb3+ Kc5 46. Kf4 Kb5 47. a4+ Kc5 48. Qd3 1-0

[Event "Live Chess"]
[Site "Chess.com"]
[Date "2023.05.21"]
[Round "-"]
[White "diana21strabt"]
[Black "Ian-Morley"]
[Result "1-0"]
[WhiteElo "1734"]
[BlackElo "1089"]
[TimeControl "300"]
[EndTime "7:53:41 PDT"]
[Termination "diana21strabt won by resignation"]

1. e4 e5 2. Nf3 Nc6 3. d4 exd4 4. Bc4 Nf6 5. O-O Be7 6. e5 Ng8 7. Nxd4 Nxd4 8. Qxd4 d6 9. Nc3 c5 10. Qf4 f6 11.
exd6 Qxd6 12. Re1 Qxf4 13. Bxf4 g5 14. Bd6 Kd7 15. Bxg8 Rxg8 16. Bxe7 Kc6 17. Bxf6 Bf5 18. h3 Rae8 19. Rxe8 Rxe8 20. Bxg5 Bxc2 21. Rc1 b5 22.
Rxc2 Re1+ 23. Kh2 Rb1 24. Ne4 b4 1-0